 Dungeon Crawl Stone Soup version 0.31.0-12-g77e489cdc1 (webtiles) character file.

Game seed: 15058950708168956012

269 Buffagor the Changeling (level 6, -4/43 HPs)
             Began as a Merfolk Shapeshifter on Mar 8, 2024.
             Slain by an unseen horror (5 damage)
             ... on level 5 of the Dungeon.
             The game lasted 00:09:42 (3655 turns).

Buffagor the Changeling (Merfolk Shapeshifter)      Turns: 3655, Time: 00:09:43

Health: -4/43      AC:  3    Str: 21    XL:     6   Next: 22%
Magic:  6/6        EV: 13    Int:  5    God:
Gold:   230        SH:  0    Dex: 21    Spells: 5/5 levels left

rFire   . . .        A - +7 spear of the Sybil {drain, rElec rPois rN+ Int-4}
rCold   . . .        (no shield)
rNeg    + . .        n - +0 leather armour
rPois   +            (helmet currently unavailable)
rElec   +            (cloak currently unavailable)
rCorr   .            (gloves currently unavailable)
SInv    .            (boots currently unavailable)
Will    .....        (no amulet)
Stlth   ++           g - +6 ring of dexterity
HPRegen 0.27/turn    o - +6 ring of strength
MPRegen 0.10/turn

%: no passive effects
@: beast-form
A: beast (slay +4), (nimble swimmer 2), mertail
a: Begin Untransformation


You were on level 5 of the Dungeon.
You were a hulking beast.
You visited 1 branch of the dungeon, and saw 5 of its levels.

You collected 230 gold pieces.

Inventory:

Hand Weapons
 A - the +7 spear of the Sybil (weapon) {drain, rElec rPois rN+ Int-4}
   (You found it on level 4 of the Dungeon)

   Int-4:     It affects your intelligence (-4).
   rElec:     It insulates you from electricity.
   rPois:     It protects you from poison rN+: It protects you from negative
   energy.
Missiles
 i - 8 javelins (quivered)
 j - 6 silver javelins
 m - 41 stones
 x - 4 poisoned darts
 B - 6 curare-tipped darts
Armour
 n - a +0 leather armour (worn)
 w - a +0 helmet
Jewellery
 g - a +6 ring of dexterity (left hand)
 o - a +6 ring of strength (right hand)
 u - a ring of protection from cold
Talismans
 c - a beast talisman
 d - a flux talisman
Wands
 C - a wand of charming (9)
Scrolls
 e - 3 scrolls of vulnerability {unknown}
 f - 4 scrolls of identify {unknown}
 p - a scroll of enchant weapon {unknown}
 q - 3 scrolls of fear {unknown}
 s - a scroll of fog {unknown}
 y - 2 scrolls of teleportation {unknown}
 z - a scroll of blinking {unknown}
 D - a scroll of noise {unknown}
Potions
 a - 2 potions of magic {unknown}
 b - 2 potions of lignification
 h - a potion of ambrosia {unknown}
 k - a potion of brilliance {unknown}
 l - a potion of mutation {unknown}
 r - a potion of resistance {unknown}
 t - 2 potions of curing {unknown}
 v - 2 potions of attraction {unknown}


   Skills:
 - Level 1.1 Fighting
 - Level 2.6 Dodging
 + Level 5.2 Unarmed Combat
 - Level 7.0 Shapeshifting


You had 5 spell levels left.
You didn't know any spells.
Your spell library contained the following spells:

 Spells                   Type           Power      Damage    Failure   Level
 Apportation              Tloc           0%         N/A       52%         1
 Necrotise                Necr           0%         1d4       52%         1
 Jinxbite                 Hex            0%         N/A       67%         2
 Lesser Beckoning         Tloc           0%         N/A       67%         2
 Mercury Vapours          Alch/Air       0%         N/A       67%         2
 Scorch                   Fire           0%         2d5       67%         2
 Gell's Gravitas          Tloc           0%         N/A       88%         3
 Inner Flame              Hex/Fire       0%         N/A       88%         3
 Mephitic Cloud           Conj/Alch/Air  0%         N/A       88%         3
 Teleport Other           Tloc           0%         N/A       88%         3
 Vampiric Draining        Necr           0%         2d6       88%         3
 Flame Wave               Conj/Fire      0%         2d4       99%         4
 Martyr's Knell           Necr/Summ      0%         N/A       99%         4
 Sticky Flame             Fire/Alch      0%         2d4       99%         4
 Alistair's Intoxication  Alch           0%         N/A       100%        5
 Curse of Agony           Necr           0%         N/A       100%        5
 Freezing Cloud           Conj/Ice/Air   0%         6-21      100%        5
 Summon Cactus Giant      Summ           0%         N/A       100%        6


Dungeon Overview and Level Annotations

Branches:
Dungeon (5/15)
 Temple: D:4-7

Altars:
Fedhas
Gozag
Nemelex Xobeh

Shops:
D:3 =   D:4 *


Innate Abilities, Weirdness & Mutations

You are a hulking beast.
Your limbs bulge with bestial killing power. (Slay +4)
((You are very nimble when in or above water. (Stealth+, EV+, Speed+++)))
Your lower body shifts to a powerful aquatic tail in water.


Message History

You kill the hobgoblin!
i - 7 javelins (gained 1)
i - 8 javelins (gained 1)
You see here a hobgoblin corpse.
Done exploring.
Done exploring.
You see here a hobgoblin corpse.
There is a stone staircase leading down here.
You climb downwards.
Found 15 gold pieces.
There is a stone staircase leading up here.
Found a stone staircase leading down.
You now have 230 gold pieces (gained 15).
C - a wand of charming (9)
D - a scroll labelled JEINIMN HELI
Found a blossoming altar of Fedhas.
Found a stone staircase leading up.
Something hits you.
Deactivating autopickup; reactivate with Ctrl-A.
Something hits you but does no damage. x2
You puncture something! Something hits you.
You hit something. Something hits you. Something hits you!
You miss something. Something hits you!
You swing at nothing.
Something hits you.
You swing at nothing.
You miss something. Something hits you. Something hits you but does no damage.
You hit something. Something hits you.
* * * LOW HITPOINT WARNING * * *
Something hits you but does no damage.
You puncture something! Something barely misses you.
You hit something. Something hits you.
* * * LOW HITPOINT WARNING * * *
You swing at nothing.
Something hits you.
* * * LOW HITPOINT WARNING * * *
You swing at nothing.
You barely miss something. Something hits you.
* * * LOW HITPOINT WARNING * * *
You swing at nothing.
Something hits you.
You die...

#......<# ..
...>##..........
..............#.
..... #........
#... #.......#
....###.......#
#.##.........{#
####.##..#######{#
.<...##..# #h##
###......#
#.P####PPPP
#.###..#
#......._PP #.#
#..# #.P####PPPP
#.# #..# #.## ..#
#..#######.# ###
#..........#
#.#.#####.##
#.........#


There were no monsters in sight!

Vanquished Creatures
  An iguana (D:4)
  A sleepcap (D:4)
  Natasha (thrice) (D:3)
  5 adders
  2 ufetubi (D:3)
  2 dart slugs
  3 ribbon worms (D:3)
  9 orcs
  4 ball pythons
  5 bats
  8 endoplasms
  4 giant cockroaches
  3 goblins
  3 hobgoblins
  3 jackals
  2 frilled lizards (D:1)
  6 kobolds
  4 rats
68 creatures vanquished.

Notes
Turn   | Place    | Note
-------+----------+-------------------------------------------
     0 | D:1      | Buffagor the Merfolk Shapeshifter began the quest for the
                  | Orb.
     0 | D:1      | Reached XP level 1. HP: 15/15 MP: 1/1
   102 | D:1      | Reached XP level 2. HP: 21/21 MP: 2/2
   576 | D:2      | Reached XP level 3. HP: 26/26 MP: 3/3
   618 | D:2      | Reached skill level 5 in Shapeshifting
   640 | D:2      | Found a faded altar of an unknown god.
   684 | D:2      | Found an opulent altar of Gozag.
  1220 | D:3      | Reached XP level 4. HP: 32/32 MP: 4/4
  1510 | D:3      | Found a sparkling altar of Nemelex Xobeh.
  1885 | D:3      | Noticed Natasha
  1888 | D:3      | Killed Natasha
  1889 | D:3      | Reached skill level 6 in Shapeshifting
  1889 | D:3      | Reached XP level 5. HP: 30/37 MP: 5/5
  1945 | D:3      | Found Umamuisiong's Jewellery Emporium.
  2259 | D:3      | Found a sparkling altar of Nemelex Xobeh.
  2290 | D:3      | Noticed Natasha
  2294 | D:3      | Killed Natasha
  2410 | D:3      | Noticed Natasha
  2414 | D:3      | Killed Natasha
  2757 | D:3      | Found Umamuisiong's Jewellery Emporium.
  2818 | D:4      | Identified the +7 spear of the Sybil {drain, rElec rPois
                  | rN+ Int-4}
  3140 | D:4      | Reached XP level 6. HP: 43/43 MP: 6/6
  3157 | D:4      | Found Dunutt Litra's Assorted Antiques.
  3247 | D:4      | Reached skill level 5 in Unarmed Combat
  3247 | D:4      | Reached skill level 7 in Shapeshifting
  3602 | D:5      | Entered Level 5 of the Dungeon
  3628 | D:5      | Found a blossoming altar of Fedhas.
  3654 | D:5      | HP: 1/43 [something (5)]
  3655 | D:5      | Slain by an unseen horror

Illustrated notes

Levels and vault maps discovered:
D:1:      minmay_arrival_widening_spiral_wide, layout_rooms, dk_noncrumbling_3
D:2:      layout_loops_ring, basic_altar,
          shapermc_ecumenical_altar_starsandcircs
D:3:      layout_basic, old_standard_altar, serial_shops, nicolae_shop_trees,
          minmay_cut_off, uniq_natasha
D:4:      layout_loops_ring, serial_shops, kennysheep_mini, kennysheep_dice
D:5:      layout_loops_cross, fedhas_altar_decomposition, jmf_multi_god_temple,
          hangedman_feature_mirror, grunt_decor_mini_mirrors, minivault_25

Skill      XL: |  1  2  3  4  5  6 |
---------------+-------------------+-----
Shapeshifting  | 5 6 7 |  7.0
Unarmed Combat | 4 5 |  5.2
Fighting       | |  1.1
Dodging        | |  2.6

Action                     |  1- 3 |  4- 6 || total
---------------------------+-------+-------++-------
  Melee: Unarmed           |    47 |    33 ||    80
         Punch             |     1 |     1 ||     2
         Spear             |       |    16 ||    16
  Throw: Javelin           |    29 |    49 ||    78
         Stone             |     9 |       ||     9
 Armour: Animal skin       |    18 |       ||    18
         Leather armour    |     3 |    31 ||    34
  Dodge: Dodged            |    30 |    22 ||    52
